 Dungeon Crawl Stone Soup version 0.32-a0-886-g41c5271027 (webtiles) character file.

Game seed: 15963483736267714060

515 ezpacito the Trooper (level 7, -8/54 HPs)
             Began as a Coglin Chaos Knight on Apr 2, 2024.
             Was a Plaything of Xom.
             Killed by an exploding butterfly (12 damage)
             ... ignited by their inner flame
             ... on level 4 of the Dungeon.
             The game lasted 00:04:10 (2984 turns).

ezpacito the Trooper (Coglin Chaos Knight)          Turns: 2984, Time: 00:04:11

Health: -8/54      AC:  7    Str: 17    XL:     7   Next: 20%
Magic:  8/9        EV: 11    Int: 12    God:    Xom [......]
Gold:   149        SH:  0    Dex: 13    Spells: 8/8 levels left

rFire   . . .        p - +3 war axe (chaos) {Beli-Ashared}
rCold   + . .        v - +4 flail of Uskayaw's Reproof {vamp, rElec Str+3}
rNeg    . . .        d - +4 robe of Prudence {rPois rC+}
rPois   +            j - +0 helmet
rElec   +            (no cloak)
rCorr   .            (no gloves)
SInv    .            (no boots)
Will    .....        (amulet unavailable)
Stlth   ++           (ring unavailable)
HPRegen 0.29/turn    (ring unavailable)
MPRegen 0.11/turn    (no gizmo)

%: no passive effects
@: no status effects
A: off-hand wielding, slow wielding, warmup strikes, no jewellery
a: Invent Gizmo, Renounce Religion


You were on level 4 of the Dungeon.
You worshipped Xom.
You were a very special plaything of Xom.
You visited 2 branches of the dungeon, and saw 5 of its levels.

You collected 174 gold pieces.
You spent 25 gold pieces at shops.

Inventory:

Hand Weapons
 a - a +0 hand axe of chaos {Yuphin}
 p - a +3 war axe of chaos (weapon) {Beli-Ashared}
 v - the +4 flail of Uskayaw's Reproof (offhand) {vamp, rElec Str+3}
   (You found it on level 3 of the Dungeon)

   Str+3:     It affects your strength (+3).
   rElec:     It insulates you from electricity.
Missiles
 k - 6 boomerangs (quivered)
 x - 5 poisoned darts
Armour
 b - a +0 chain mail
 d - the +4 robe of Prudence (worn) {rPois rC+}
   (You found it on level 2 of the Dungeon)

   rC+:       It protects you from cold.
   rPois:     It protects you from poison.
 j - a +0 helmet (worn)
 A - a +0 cloak
Wands
 o - a wand of flame (45)
 y - a wand of paralysis (9)
Scrolls
 f - 2 scrolls of revelation {unknown}
 g - 3 scrolls of noise
 i - 2 scrolls of identify
 m - 2 scrolls of teleportation {unknown}
 q - a scroll of blinking {unknown}
 r - a scroll of immolation
 t - a scroll of poison {unknown}
 u - a scroll of brand weapon {unknown}
Potions
 e - a potion of brilliance {unknown}
 h - a potion of curing {unknown}
 l - a potion of enlightenment {unknown}
 n - a potion of invisibility
 s - a potion of ambrosia {unknown}
 w - a potion of degeneration {unknown}
 z - a potion of lignification {unknown}


   Skills:
 * Level 4.3 Fighting
 * Level 4.2(4.6) Axes
 * Level 2.2(3.4) Polearms
 * Level 3.1 Armour
 * Level 2.5 Dodging
 + Level 1.3 Stealth
 + Level 1.4 Spellcasting
 + Level 1.4 Evocations


You had 8 spell levels left.
You didn't know any spells.
Your spell library contained the following spells:

 Spells                   Type           Power      Damage    Failure   Level
 Scorch                   Fire           0%         2d5       41%         2
 Flame Wave               Conj/Fire      0%         2d4       96%         4
 Summon Cactus Giant      Summ           0%         N/A       100%        6


Dungeon Overview and Level Annotations

Branches:
Dungeon (4/15)             Temple (1/1) D:4

Altars:
Fedhas
Gozag
Hepliaklqana
Kikubaaqudgha
Makhleb
Okawaru
Qazlal
Sif Muna
Trog
Uskayaw
Vehumet
Wu Jian
Yredelemnul
The Shining One

Shops:
D:1 *

Annotations:
D:4 1 runed translucent door, Crazy Yiuf


Innate Abilities, Weirdness & Mutations

You can wield a second weapon in your off-hand.
It takes a long time for you to wield or remove held weapons.
Your first few attacks do less damage.
You cannot equip rings or amulets.


Message History

The fiery explosion engulfs your butterfly!!
Your butterfly disappears in a burst of colours!
The fiery explosion engulfs your butterfly!!
Your butterfly disappears in a burst of colours!
Your butterfly explodes!
The fiery explosion engulfs your butterfly!!
Your butterfly disappears in a burst of colours!
The fiery explosion engulfs your butterfly!!
Your butterfly disappears in a burst of colours!
The fiery explosion engulfs your butterfly!!
Your butterfly disappears in a burst of colours!
The fiery explosion engulfs the neqoxec!!
Flame seeps out of the neqoxec.
The neqoxec is severely wounded.
Your butterfly explodes!
The fiery explosion engulfs your butterfly!!
Your butterfly disappears in a burst of colours!
The fiery explosion engulfs your butterfly.
Your butterfly disappears in a burst of colours!
The fiery explosion engulfs your butterfly!!
Your butterfly disappears in a burst of colours!
Your butterfly explodes!
The fiery explosion engulfs the neqoxec!
The neqoxec disappears in a puff of smoke!
The neqoxec explodes!
Your butterfly explodes!
The fiery explosion engulfs your butterfly!!
Your butterfly disappears in a burst of colours!
Your butterfly explodes!
The fiery explosion engulfs your butterfly!!
Your butterfly disappears in a burst of colours!
Your butterfly explodes!
The fiery explosion engulfs your butterfly!!
Your butterfly disappears in a burst of colours!
Your butterfly explodes!
The fiery explosion engulfs you!!
* * * LOW HITPOINT WARNING * * *
Your butterfly explodes! x6
The fiery explosion engulfs you!
You die...
Xom guffaws!

#.# ##...# ..
##...##
#ß...ß#
##..b## #b.b#
##b.3## #ߧ§§ß#
##§§§##
#@§§§§#
#§§§§§§§#
ß.§§§§§§§.ß#
#5.§§§§○§§..#
#.b.§§###§....
#...b§## #..b.
#ß....ß ß...
##...## #.


You could see a smoke demon (summoned, inner flame, ally target) and a shadow
imp (summoned, inner flame, ally target).

Vanquished Creatures
  The ghost of hexenhour the Chopper, an amateur MDFi (D:3)
  A phantom (D:3)
  A bombardier beetle (D:3)
  2 hounds (D:4)
  A bullfrog skeleton (D:3)
  Jessica (D:2)
  Natasha (thrice) (D:2)
  A killer bee zombie (D:3)
  A howler monkey zombie (D:3)
  3 adders
  A ribbon worm (D:3)
  3 orcs
  7 bats
  8 endoplasms
  2 giant cockroaches
  5 hobgoblins
  4 jackals (D:1)
  2 quokkas
  5 ball pythons
  7 frilled lizards
  6 goblins
  5 kobolds
  5 rats
75 creatures vanquished.

Notes
Turn   | Place    | Note
-------+----------+-------------------------------------------
     0 | D:1      | ezpacito the Coglin Chaos Knight began the quest for the
                  | Orb.
     0 | D:1      | Reached XP level 1. HP: 18/18 MP: 1/1
    66 | D:1      | XOM: divination: detect items
    67 | D:1      | Reached skill level 1 in Dodging
   123 | D:1      | Reached XP level 2. HP: 24/24 MP: 2/2
   165 | D:1      | XOM: silly message
   191 | D:1      | XOM: smoke on damage
   263 | D:1      | Reached XP level 3. HP: 27/29 MP: 3/3
   593 | D:1      | XOM: noise
   644 | D:1      | Found Heposcheo's Assorted Antiques.
   649 | D:1      | Bought a scroll labelled ETHYRI PITEIKOTIBU for 25 gold
                  | pieces
   934 | D:2      | Noticed Natasha
   935 | D:2      | Found a faded altar of an unknown god.
   943 | D:2      | Killed Natasha
   944 | D:2      | Reached XP level 4. HP: 23/35 MP: 4/4
   968 | D:2      | Noticed Natasha
   974 | D:2      | Killed Natasha
   975 | D:2      | Reached skill level 1 in Polearms
  1213 | D:2      | Noticed Jessica
  1216 | D:2      | XOM: enchant monster (good)
  1236 | D:2      | Identified the +4 robe of Prudence {rPois rC+}
  1275 | D:2      | Killed Jessica
  1276 | D:2      | Reached XP level 5. HP: 34/41 MP: 6/6
  1435 | D:2      | Noticed Natasha
  1441 | D:2      | Killed Natasha
  1442 | D:2      | Reached skill level 1 in Spellcasting
  1519 | D:2      | XOM: god gift: +3 war axe of chaos
  1742 | D:3      | Found a transporter.
  1742 | D:3      | XOM: noise
  1742 | D:3      | Noticed hexenhour's ghost (amateur MDFi)
  1748 | D:3      | Noticed a phantom
  1779 | D:3      | XOM: noise
  1934 | D:3      | XOM: summons 2 hostile demons
  1964 | D:3      | Found an ornate altar of the Wu Jian Council.
  1974 | D:3      | Reached skill level 1 in Stealth
  2096 | D:3      | Found a blossoming altar of Fedhas.
  2188 | D:3      | Found a transporter.
  2249 | D:3      | Reached XP level 6. HP: 48/48 MP: 7/7
  2534 | D:3      | Reached skill level 1 in Evocations
  2540 | D:3      | Killed hexenhour's ghost
  2541 | D:3      | Reached XP level 7. HP: 18/54 MP: 7/9
  2690 | D:3      | Identified the +4 flail of Uskayaw's Reproof {vamp, rElec
                  | Str+3}
  2797 | D:4      | Found a staircase to the Ecumenical Temple.
  2842 | Temple   | Entered the Ecumenical Temple
  2910 | D:4      | Found a runed translucent door.
  2911 | D:4      | Noticed Crazy Yiuf
  2980 | D:4      | XOM: summons 4 hostile demons
  2981 | D:4      | Noticed a smoke demon
  2981 | D:4      | Noticed an ice devil
  2981 | D:4      | Noticed a neqoxec
  2984 | D:4      | Killed by an exploding butterfly... ignited by their inner
                  | flame

Illustrated notes

Levels and vault maps discovered:
D:1:      dpeg_arrival_triangle_fractal, layout_basic, serial_shops,
          nicolae_shop_just_a_little_nook
D:2:      layout_rooms, basic_ecumenical_altar, uniq_natasha, uniq_jessica
D:3:      layout_loops_ring, general_overflow_altar, lemuel_crystal_altar,
          gammafunk_ghost_mausoleum, serial_aquarium,
          aquarium_bridge_long_joined [aquarium_subvault_balcony,
          aquarium_subvault_wall, aquarium_subvault_window,
          aquarium_subvault_bridge, aquarium_subvault_wall,
          aquarium_subvault_wall], aquarium_bridge_straight
          [aquarium_subvault_bridge, aquarium_subvault_wall,
          aquarium_subvault_bridge, aquarium_subvault_window],
          aquarium_window_corridor_1, aquarium_window_2, aquarium_window_1,
          aquarium_window_fake, aquarium_view_2d, aquarium_view_2f,
          grunt_ministairs_7
D:4:      layout_rooms, minmay_temple_entry_gardened_gates, serial_corexii_hall,
          chequers_hall_statues_y, chequers_hall_statues_corner_a,
          hangedman_decor_push, minmay_close_crescents, uniq_menkaure,
          uniq_crazy_yiuf_cottage
Temple:   nicolae_temple_hex_pool

Skill      XL: |  1  2  3  4  5  6 |
---------------+-------------------+-----
Dodging        | 1 2 |  2.5
Armour         | 2 3 |  3.1
Polearms       | 1 2 |  2.2
Spellcasting   | 1 |  1.4
Stealth        | 1 |  1.3
Fighting       | 4 |  4.3
Axes           | 4 |  4.2
Evocations     | 1 |  1.4

Action                     |  1- 3 |  4- 6 |  7- 9 || total
---------------------------+-------+-------+-------++-------
  Melee: Hand axe          |    61 |    58 |       ||   119
         Dagger            |    58 |    22 |       ||    80
         War axe           |       |    42 |    11 ||    53
         Flail             |       |       |    12 ||    12
    Use: Potion            |       |     2 |       ||     2
         Scroll            |       |       |     3 ||     3
   Stab: Paralysed         |     1 |     2 |       ||     3
         Sleeping          |       |     3 |       ||     3
         Invisible         |       |     6 |       ||     6
 Armour: Leather armour    |    45 |    17 |       ||    62
         Robe              |       |    22 |    13 ||    35
  Dodge: Dodged            |    57 |    43 |     7 ||   107

Table legend: (Time is in decaauts)
 A = Elapsed time spent in this place.
 B = Non-inter-level travel time spent in this place.
 C = Inter-level travel time spent in this place.
 D = Time resting spent in this place.
 E = Time spent auto-exploring this place.
 F = Levels seen in this place.
 G = Mean time per level.
                   A        B        C        D        E       F      G
               +--------+--------+--------+--------+--------+-----+--------+
         Total |   2982 |   2808 |    174 |     89 |   2209 |   5 |  596.4 |
       Dungeon |   2980 |   2807 |    173 |     89 |   2209 |   4 |  745.0 |
        Temple |      1 |      1 |      0 |      0 |      0 |   1 |    1.0 |
               +--------+--------+--------+--------+--------+-----+--------+

Top non-repeatable levels by time:
     D:3: 1030 daAuts
     D:1: 927 daAuts
     D:2: 820 daAuts
     D:4: 202 daAuts
  Temple: 1 daAuts
